 Dungeon Crawl Stone Soup version 0.26-a0-854-gdc81c2f471 (webtiles) character file.

Game seed: 3972905960710658429

252 iamoutofideas the Stinger (level 6, -2/36 HPs)
             Began as an Octopode Venom Mage on Nov 23, 2020.
             Slain by a shadow imp (4 damage)
             ... summoned by Natasha
             ... on level 3 of the Dungeon.
             The game lasted 00:08:06 (3705 turns).

iamoutofideas the Stinger (Octopode Venom Mage)     Turns: 3705, Time: 00:08:07

Health: -2/36      AC:  1    Str:  7    XL:     6   Next: 13%
Magic:  0/12       EV: 13    Int: 20    God:
Gold:   138        SH:  0    Dex: 12    Spells: 4/13 levels left

rFire    . . .     SeeInvis .   b - -3 spear (curse)
rCold    . . .     Faith    .   (no shield)
rNeg     . . .     Spirit   +   (helmet restricted)
rPois    .         Reflect  .   f - amulet of guardian spirit
rElec    .         Harm     .   (no ring)
rCorr    .         Rampage  .   (no ring)
MR       .....                  (no ring)
Stlth    +++.......             (no ring)
HPRegen  0.12/turn              (no ring)
MPRegen  0.13/turn              (no ring)
                                (no ring)
                                (no ring)

@: mighty, attractive
A: almost no armour, stealthy swim, amphibious, 8 rings, constrict 8, camouflage
1, gelatinous body 1
a: no special abilities


You were on level 3 of the Dungeon.
You visited 1 branch of the dungeon, and saw 4 of its levels.

You collected 138 gold pieces.

Inventory:

Hand Weapons
 b - a cursed -3 spear (weapon)
 g - a +0 vampiric dagger
Jewellery
 f - an amulet of guardian spirit (around mantle)
Wands
 k - a wand of flame (12)
Scrolls
 a - 2 scrolls of teleportation
 d - a scroll of immolation
 h - a scroll of identify {unknown}
 l - a scroll of enchant armour {unknown}
Potions
 j - a potion of degeneration {unknown}


   Skills:
 - Level 2.0 Dodging
 - Level 2.7 Stealth
 + Level 4.2 Spellcasting
 - Level 1.0 Transmutations
 + Level 6.2 Poison Magic


You had 4 spell levels left.
You knew the following spells:

 Your Spells              Type           Power        Failure   Level
a - Sting                 Tmut/Pois      ###.         2%          1
b - Poisonous Vapours     Pois/Air       ###...       5%          2
c - Ignite Poison         Fire/Tmut/Pois ##......     14%         3
d - Mephitic Cloud        Conj/Pois/Air  ##......     16%         3

Your spell library contained the following spells:

 Spells                   Type           Power        Failure   Level
 Olgreb's Toxic Radiance  Pois           ####....     10%         4


Dungeon Overview and Level Annotations

Branches:
Dungeon (4/15)
 Temple: D:4-7

Altars:
Ashenzari

Annotations:
D:3 Natasha


Innate Abilities, Weirdness & Mutations

You cannot wear most types of armour.
You are very stealthy in the water. (Stealth+)
You are amphibious.
You can wear up to eight rings at the same time.
You can use your tentacles to constrict eight enemies at once.
Your skin changes colour to match your surroundings (Stealth+).
Your rubbery body absorbs attacks. (AC +1, EV +1)


Message History

Poisonous vapours surround Natasha!
Natasha is pulled toward you!
Natasha stares at you and mumbles some strange words.
You resist with some effort. Natasha is pulled toward you!
Natasha mumbles some strange words.
Casting: Poisonous Vapours (safe; 5% risk of failure)
Confirm with . or Enter, or press ? or * to list all spells.
Aiming: Sting (safe; 2% risk of failure)
Press: ? - help, Shift-Dir - straight line, f/p - Natasha
Aim: Natasha (28% to evade)
The sting hits Natasha but does no damage.
Natasha is poisoned.
The shadow imp is pulled toward you!
Natasha casts a spell.
Unknown command.
It was a potion of might.
You feel very mighty all of a sudden. Natasha claws you!
* * * LOW HITPOINT WARNING * * *
The shadow imp hits you.
You die...

........##......###########
.......)##......'..........
........##......###########
+#####+###......# #.
#......# #.# #......#
#$......#.. #......#
#.......#..##h5....#
#.......#..$#@.....#
#.......# #[#5.....# ##
#.......#+#........# #.
#..............##### #.
#............>.# #.
#........# #. #........# #.
#.#'###### #. #.#.#
########.


You could see an iron imp (summoned), Natasha (poisoned) and a shadow imp
(summoned).

Vanquished Creatures
  Terence (D:2)
  Ijyb (D:3)
  Natasha (twice) (D:3)
  5 adders
  2 oozes (D:1)
  A worm (D:3)
  4 dart slugs
  2 leopard geckos (D:1)
  2 orcs (D:3)
  2 bats
  3 giant cockroaches
  10 hobgoblins
  12 jackals
  3 quokkas (D:2)
  4 frilled lizards
  11 goblins
  9 kobolds
  10 rats
84 creatures vanquished.

Notes
Turn   | Place    | Note
-------+----------+-------------------------------------------
     0 | D:1      | iamoutofideas the Octopode Venom Mage began the quest for
                  | the Orb.
     0 | D:1      | Reached XP level 1. HP: 11/11 MP: 3/3
    95 | D:1      | Reached skill level 4 in Poison Magic
   118 | D:1      | Reached XP level 2. HP: 13/17 MP: 1/5
   465 | D:1      | Reached XP level 3. HP: 21/21 MP: 6/6
  1323 | D:2      | Reached XP level 4. HP: 23/27 MP: 5/8
  1528 | D:2      | Learned a level 2 spell: Poisonous Vapours
  1532 | D:2      | Learned a level 3 spell: Ignite Poison
  1537 | D:2      | Reached skill level 5 in Poison Magic
  1718 | D:2      | Learned a level 3 spell: Mephitic Cloud
  2435 | D:2      | Noticed Terence
  2447 | D:2      | Killed Terence
  2448 | D:2      | Reached XP level 5. HP: 13/31 MP: 3/10
  2749 | D:2      | Found a broken altar of Ashenzari.
  3311 | D:3      | Noticed Ijyb
  3329 | D:3      | Killed Ijyb
  3642 | D:3      | Noticed Natasha
  3653 | D:3      | Killed Natasha
  3654 | D:3      | Reached skill level 6 in Poison Magic
  3654 | D:3      | Reached XP level 6. HP: 24/36 MP: 2/12
  3656 | D:3      | Noticed Natasha
  3683 | D:3      | Killed Natasha
  3700 | D:3      | Noticed Natasha
  3705 | D:3      | Slain by a shadow imp

Illustrated notes

Levels and vault maps discovered:
D:1:      heliophobic_arrival_enchanted_forest, layout_basic
D:2:      layout_loops_ring, nicolae_overflow_hidden_temple, uniq_terence
D:3:      layout_basic, uniq_ijyb, uniq_natasha
D:4:      kennysheep_goblin_castle, layout_rooms, lemuel_doored_altar,
          uniq_crazy_yiuf_cottage, uniq_robin

Skill      XL: |  1  2  3  4  5 |
---------------+----------------+-----
Poison Magic   | 4 5 6 |  6.2
Spellcasting   | 3 4 |  4.2
Dodging        | |  2.0
Stealth        | |  2.7
Transmutations | |  1.0

Action                   |  1- 3 |  4- 6 || total
-------------------------+-------+-------++-------
Melee: Unarmed           |     1 |       ||     1
       Spear             |    34 |    66 ||   100
       Constrict         |     8 |    19 ||    27
       Tentacles         |     6 |     7 ||    13
 Cast: Sting             |    42 |    63 ||   105
       Poisonous Vapours |       |    17 ||    17
  Use: Scroll            |       |     2 ||     2
       Potion            |       |     3 ||     3
 Stab: Sleeping          |     2 |     7 ||     9
Armor: Skin              |     5 |     8 ||    13
Dodge: Dodged            |    31 |    51 ||    82

Table legend: (Time is in decaauts)
 A = Elapsed time spent in this place.
 B = Non-inter-level travel time spent in this place.
 C = Inter-level travel time spent in this place.
 D = Time resting spent in this place.
 E = Time spent auto-exploring this place.
 F = Levels seen in this place.
 G = Mean time per level.
                   A        B        C        D        E       F      G
               +--------+--------+--------+--------+--------+-----+--------+
         Total |   3714 |   3646 |     68 |   1274 |   1767 |   4 |  928.5 |
       Dungeon |   3714 |   3646 |     68 |   1274 |   1767 |   4 |  928.5 |
               +--------+--------+--------+--------+--------+-----+--------+

Top non-repeatable levels by time:
     D:2: 1790 daAuts
     D:1: 1148 daAuts
     D:3: 773 daAuts
     D:4: 1 daAuts
